AoeStats
← Mhafiki

QS Arena

503541947Analyzed
1v1 RM · 1mo ago on Sep 1, 2026· 29m 7s· 2 players
Game mode
Random Map
Map size
Tiny (2 player)
Population
200
Speed
Normal
Resources
Standard
Victory
Conquest
Starting age
Dark Age
Ending age
Imperial Age
RankedLock teamsTeams togetherTeam positionsShared explorationLock speedFull tech treeHidden civsTurbo modeCheats
Victory
Defeat
🇺🇸 Turks · United States
1091
+15
🇺🇸 Goths · United States
1059
-15
EARLYRUSH
8:06 Feudal Age
12:20 Castle Age
10:38 Double-Bit Axe
11:21 Horse Collar
13:51 Wheelbarrow
19:50 Heavy Plow
22:33 Elite Skirmisher
27:31 Loom
Mhafiki
10:27 Feudal Age
14:42 Castle Age
12:28 Loom
13:56 Double-Bit Axe
18:45 Imperial Age
16:40 Gold Mining
17:04 Padded Archer Armor
25:20 Leather Archer Armor
26:47 Gold Shaft Mining
26:04 Horse Collar
26:45 Bow Saw
Connection lost

Rejoining the realm…

Still unreachable

The connection could not be restored.

Session expired

The server has moved on; the page needs a fresh start.